 Dungeon Crawl Stone Soup version 0.19.4-8-ga85b6b9 (webtiles) character file.

32 LORDOFBUTT the Sneak (level 3, -1/16 HPs)
             Began as a Spriggan Enchanter on Feb 12, 2017.
             Slain by a dart slug (3 damage)
             ... on level 1 of the Dungeon.
             The game lasted 00:02:07 (919 turns).

LORDOFBUTT the Sneak (Spriggan Enchanter)            Turns: 919, Time: 00:02:08

Health: -1/16      AC:  3    Str:  4    XL:     3   Next: 10%
Magic:  4/8        EV: 18    Int: 17    God:
Gold:   59         SH:  0    Dex: 16    Spells: 2 memorised, 5 levels left

rFire  . . .     SeeInvis +     g - +0 dagger (speed)
rCold  . . .     Gourm    .     b - +1 robe
rNeg   . . .     Faith    .     (shield restricted)
rPois  .         Spirit   .     (helmet restricted)
rElec  .         Reflect  .     (no cloak)
rCorr  .         Harm     .     (gloves unavailable)
MR     .....                    (boots unavailable)
Stlth  +++.......               (no amulet)
                                (no ring)
                                (no ring)

@: very quick
A: unfitting armour, see invisible, herbivore 3, speed 3, slow metabolism 2
a: no special abilities


You were on level 1 of the Dungeon.
You were not hungry.

You visited 1 branch of the dungeon, and saw 1 of its levels.

You collected 59 gold pieces.

Inventory:

Hand Weapons
 g - a +0 dagger of speed (weapon)
Armour
 b - a +1 robe (worn)
Scrolls
 e - 2 scrolls of remove curse {unknown}
 f - a scroll of teleportation {unknown}
Potions
 h - a potion of invisibility {unknown}
 i - a potion of magic {unknown}
 j - a potion of lignification {unknown}
Books
 c - a book of Maledictions

   Spells                             Type                      Level
   a - Corona                         Hexes                        1
   b - Ensorcelled Hibernation        Hexes/Ice                    2
   c - Confuse                        Hexes                        3
   d - Tukima's Dance                 Hexes                        3
   e - Dazzling Spray                 Conjuration/Hexes            3
Comestibles
 a - 3 fruits
 d - 3 bread rations


   Skills:
 + Level 1.2 Short Blades
 - Level 3.0 Dodging
 + Level 4.8 Stealth
 * Level 3.2 Spellcasting
 * Level 4.4 Hexes


You had 5 spell levels left.
You knew the following spells:

 Your Spells              Type           Power        Failure   Level  Hunger
a - Corona                Hex            ###....      2%          1    None
b - Ensorcelled Hibernat  Hex/Ice        ##....       12%         2    ##.....


Dungeon Overview and Level Annotations

Branches:
Dungeon (1/15)

Altars:


Innate Abilities, Weirdness & Mutations

You are very small and have problems with some larger weapons.
You are too small for most types of armour.
You have supernaturally acute eyesight. (SInv)
You are a herbivore.
You cover ground extremely quickly.
You need consume almost no food.


Message History

* * * LOW HITPOINT WARNING * * *
The dart slug barely misses you.
Casting: Ensorcelled Hibernation
Confirm with . or Enter, or press ? or * to list all spells.
Aiming: Ensorcelled Hibernation
Press: ? - help, Shift-Dir - straight line, f - dart slug
Aim: a dart slug (chance to defeat MR: 59%)
The dart slug resists with significant effort.
The dart slug misses you.
Casting: Ensorcelled Hibernation
Confirm with . or Enter, or press ? or * to list all spells.
Aiming: Ensorcelled Hibernation
Press: ? - help, Shift-Dir - straight line, f/p - dart slug
Aim: a dart slug (chance to defeat MR: 59%)
The dart slug looks drowsy...
The helpless dart slug fails to defend itself.
You impale the dart slug!!
You kill the dart slug!
The dart slug bites you.
You die...

#.P.P.P.PPP.P.## #.#.# #.###.
###.P.P.P.P...P..## #.#.# #.....
....PPP.PPP.PPP...# #.#.# ######
....P.........P...###.#.#
!..#PPP.P.PPP.P....##.#.# ######
b.......P.P.P.P..#..#.#.###.....
...#P.P.P.P.P.P.###........g....
?...P.P.P.P....w.#......##..####
....PPP.PPPPPPP@......####..#
##............#....##.# #..#
#...#....$........##..# #..#
..........†.#.#.....##.# #..#
##....(.........#.#.# .# #..#
##..#.####.#####.#.# .# #..#
....#. $........#.# #..####
#.#.##. ..........#.# #......
#.# #.#............ #.#####


You could see a dart slug.

Vanquished Creatures
  An ooze (D:1)
  3 dart slugs (D:1)
  A leopard gecko (D:1)
  2 bats (D:1)
  2 giant cockroaches (D:1)
  2 goblins (D:1)
  3 hobgoblins (D:1)
  A kobold (D:1)
  A frilled lizard (D:1)
  5 rats (D:1)
21 creatures vanquished.

Notes
Turn   | Place    | Note
-------+----------+-------------------------------------------
     0 | D:1      | LORDOFBUTT the Spriggan Enchanter began the quest for the Orb.
     0 | D:1      | Reached XP level 1. HP: 9/9 MP: 5/5
    72 | D:1      | Reached XP level 2. HP: 13/13 MP: 6/6
   269 | D:1      | Learned a level 2 spell: Ensorcelled Hibernation
   860 | D:1      | Reached XP level 3. HP: 13/16 MP: 8/8
   919 | D:1      | Slain by a dart slug

Skill      XL: |  1  2 |
---------------+-------+-----
Hexes          | 4 |  4.4
Spellcasting   | 3 |  3.2
Short Blades   | |  1.2
Dodging        | |  3.0
Stealth        | |  4.8

Action                   || total
-------------------------++-------
Melee: Dagger            ||   100
 Cast: Ensorcelled Hiber ||     4
 Stab: Sleeping          ||    12
Armor: Robe              ||     8
Dodge: Dodged            ||    55
